 Dungeon Crawl Stone Soup version 0.31-a0-819-gf6de2f5ab6 (console) character file.

Game seed: 2589373599850287436

1849 jejorda2 the Chopper (level 9, -5/67 (73) HPs)
             Began as a Gnoll Berserker on Sept 23, 2023.
             Was a Priest of Trog.
             Slain by a wight
             ... wielding a +3 battleaxe
              (11 damage)
             ... on level 6 of the Dungeon.
             The game lasted 00:10:18 (5275 turns).

jejorda2 the Chopper (Gnoll Berserker)              Turns: 5275, Time: 00:10:22

HP:   -5/67 (73)    AC: 10    Str: 20    XL:     9   Next: 12%
MP:   15/15         EV: 10    Int:  6    God:    Trog [***...]
Gold: 40            SH:  0    Dex: 13    Spells: 16/16 levels left

rFire   . . .        a - +1 hand axe
rCold   + . .        (no shield)
rNeg    . . .        k - +0 chain mail
rPois   +            (helmet currently unavailable)
rElec   .            (cloak currently unavailable)
rCorr   .            (gloves currently unavailable)
SInv    .            b - melded +1 pair of boots
Will    ++...        (no amulet) Stlth
                     y - ring of poison resistance
HPRegen 1.31/turn    z - ring of protection from cold
MPRegen 0.14/turn

%: no passive effects
@: beast-form, strong-willed, on berserk cooldown, regenerating, slowed,
drained, very slow
A: beast (slay +2), fangs 1, strong nose, distributed training
a: Begin Untransformation, Renounce Religion, Berserk, Trog's Hand


You were on level 6 of the Dungeon.
You worshipped Trog.
Trog was most pleased with you.
You were a hulking beast.
You visited 1 branch of the dungeon, and saw 6 of its levels.

You collected 292 gold pieces.
You spent 252 gold pieces at shops.

Inventory:

Hand Weapons
 a - a +1 hand axe (weapon)
Missiles
 i - 5 boomerangs
Armour
 b - a +1 pair of boots (melded)
 k - a +0 chain mail (worn)
 s - a +0 helmet
Jewellery
 c - a ring of fire
 y - a ring of poison resistance (left hand)
 z - a ring of protection from cold (right hand)
Wands
 g - a wand of flame (18)
Scrolls
 d - a scroll of immolation
 f - a scroll of revelation
 l - 3 scrolls of teleportation
 r - a scroll of identify
 x - a scroll of silence
Potions
 h - 4 potions of haste
 m - 6 potions of curing
 n - a potion of lignification
 q - a potion of mutation
 t - 4 potions of enlightenment
 u - a potion of attraction


   Skills:
 + Level 7.7 Fighting
 + Level 4.0 Short Blades
 + Level 4.0 Long Blades
 + Level 7.7 Axes
 + Level 4.0 Maces & Flails
 + Level 4.0 Polearms
 + Level 4.0 Staves
 + Level 4.0 Ranged Weapons
 + Level 4.0 Throwing
 + Level 6.1 Armour
 + Level 6.1 Dodging
 + Level 4.0 Stealth
 + Level 4.0 Shields
 + Level 4.0 Unarmed Combat
 + Level 4.0 Spellcasting
 + Level 3.3 Conjurations
 + Level 3.3 Hexes
 + Level 3.3 Summonings
 + Level 3.3 Necromancy
 + Level 3.3 Translocations
 + Level 3.3 Transmutations
 + Level 3.3 Fire Magic
 + Level 3.3 Ice Magic
 + Level 3.3 Air Magic
 + Level 3.3 Earth Magic
 + Level 3.3 Poison Magic
 + Level 4.4 Invocations
 + Level 4.0 Evocations
 + Level 3.6 Shapeshifting


You had 16 spell levels left.
You didn't know any spells.
Your spell library was empty.

Dungeon Overview and Level Annotations

Branches:
Dungeon (6/15)             Temple (0/1) D:4

Altars:
Dithmenos
Gozag
Hepliaklqana
Nemelex Xobeh
Qazlal
Wu Jian
The Shining One

Shops:
D:4 *:


Innate Abilities, Weirdness & Mutations

You are a hulking beast.
Your limbs bulge with bestial killing power. (Slay +2)
You have very sharp teeth.
Your uncanny sense of smell can sniff out nearby items.
Your experience applies equally to all skills.


Message History

You feel yourself slow down. The wight closely misses you.
The wight hits you with a +1 spear.
You feel drained.
You closely miss the wight. You hit the wight but do no damage.
The wight hits you but does no damage. x2
You barely miss the wight. x2; The wight closely misses you.
The wight hits you with a +3 battleaxe! The wight hits you but does no damage.
The wight hits you with a +3 battleaxe!
You are too injured to fight recklessly!
You are too injured to fight recklessly!
You are too injured to fight recklessly!
You hit the wight but do no damage. x2; The wight closely misses you.
The wight misses you.
Your skin crawls.
You feel strong-willed.
The wight barely misses you. x2; The wight hits you with a +3 battleaxe!
The wight hits you but does no damage.
You hit the wight but do no damage. You hit the wight.
The wight hits you with a +3 battleaxe!
* * * LOW HITPOINT WARNING * * *
You feel drained.
* * * LOW HITPOINT WARNING * * *
The wight hits you but does no damage.
You hit the wight.
The wight is lightly damaged.
You hit the wight. The wight hits you but does no damage.
The wight barely misses you. The wight hits you with a +1 spear.
* * * LOW HITPOINT WARNING * * *
The wight hits you with a +3 battleaxe.
* * * LOW HITPOINT WARNING * * *
You feel drained.
* * * LOW HITPOINT WARNING * * *
You feel much better. The wight hits you with a +1 spear.
You feel drained. The wight barely misses you.
Found 3 scrolls of silence.
The wight attacks as it pursues you! The wight hits you with a +3 battleaxe!
* * * LOW HITPOINT WARNING * * *
The wight hits you from afar with a +1 spear.
* * * LOW HITPOINT WARNING * * *
The wight hits you but does no damage. The wight hits you with a +3 battleaxe!
You die...

*,,,,,,*,.#.#.,*,,,,*
**,,,,,**,...,**∆,.?* ***
**,,,,,,,._.,,,,...*
,,******#.,**,...,##....*
*,,,,,,,...#,,#.#,.#...**
***,,,,,.#...##.##...#,*
**,****.......z.....#,*
##..####.##..##z#.#*,*,*
...#####.###.##)h.#*.#.#
########.###.##)####.#.#
######...##..##.# #....#
#####..####.##..# #....#
......###...##.## #....#
.########.####.####....#
..(...<................#
#########.###.##.......#
#########.##.....##....#


You could see 2 wights.

Vanquished Creatures
  Grinder (D:5)
  Sigmund (D:5)
  A water moccasin (D:5)
  Duvessa (D:5)
  A sky beast (D:6)
  An ogre (D:6)
  The ghost of wildpjah the Insei, an amateur DsSh of Vehumet (D:3)
  A centaur (D:6)
  A phantom (D:4)
  A bullfrog (D:6)
  A scorpion (D:5)
  3 wights (D:6)
  Dowan (D:5)
  A hound (D:5)
  A jelly (D:4)
  2 orc priests (D:5)
  3 iguanas
  2 orc wizards (D:3)
  Robin (D:3)
  10 adders
  8 gnolls
  A white imp (D:5)
  2 worms
  2 dart slugs (D:1)
  8 orcs
  11 ball pythons
  14 endoplasms
  6 giant cockroaches
  15 goblins
  5 hobgoblins
  3 quokkas
  5 bats
  4 frilled lizards
  5 kobolds
  10 rats
  A spectral orc (D:4)
135 creatures vanquished.

Vanquished Creatures (others)
  An endoplasm (D:3)
1 creature vanquished.

Grand Total: 136 creatures vanquished

Notes
Turn   | Place    | Note
-------+----------+-------------------------------------------
     0 | D:1      | jejorda2 the Gnoll Berserker began the quest for the Orb.
     0 | D:1      | Reached XP level 1. HP: 23/23 MP: 1/1
    79 | D:1      | Reached XP level 2. HP: 7/29 MP: 2/2
   383 | D:1      | Reached XP level 3. HP: 35/35 MP: 3/3
   485 | D:1      | Reached ** piety under Trog
   596 | D:1      | Reached skill level 1 in Invocations
  1015 | D:2      | Reached skill level 1 in Short Blades
  1015 | D:2      | Reached skill level 1 in Long Blades
  1015 | D:2      | Reached skill level 1 in Maces & Flails
  1015 | D:2      | Reached skill level 1 in Polearms
  1015 | D:2      | Reached skill level 1 in Staves
  1015 | D:2      | Reached skill level 1 in Ranged Weapons
  1015 | D:2      | Reached skill level 1 in Throwing
  1015 | D:2      | Reached skill level 1 in Stealth
  1015 | D:2      | Reached skill level 1 in Shields
  1015 | D:2      | Reached skill level 1 in Unarmed Combat
  1015 | D:2      | Reached skill level 1 in Spellcasting
  1015 | D:2      | Reached skill level 1 in Evocations
  1025 | D:2      | Found a faded altar of an unknown god.
  1370 | D:3      | Reached XP level 4. HP: 41/41 MP: 5/5
  1371 | D:3      | Reached skill level 1 in Shapeshifting
  1372 | D:3      | Reached skill level 1 in Conjurations
  1372 | D:3      | Reached skill level 1 in Hexes
  1372 | D:3      | Reached skill level 1 in Summonings
  1372 | D:3      | Reached skill level 1 in Necromancy
  1372 | D:3      | Reached skill level 1 in Translocations
  1372 | D:3      | Reached skill level 1 in Transmutations
  1372 | D:3      | Reached skill level 1 in Fire Magic
  1372 | D:3      | Reached skill level 1 in Ice Magic
  1372 | D:3      | Reached skill level 1 in Air Magic
  1372 | D:3      | Reached skill level 1 in Earth Magic
  1372 | D:3      | Reached skill level 1 in Poison Magic
  1567 | D:3      | Reached XP level 5. HP: 47/47 MP: 6/6
  1737 | D:3      | Noticed Robin
  1754 | D:3      | Killed Robin
  1762 | D:3      | Reached *** piety under Trog
  1828 | D:3      | Found a runed translucent gate.
  1910 | D:3      | Found a runed translucent gate.
  1910 | D:3      | Found a runed translucent gate.
  1912 | D:3      | Found an opulent altar of Gozag.
  1914 | D:3      | Noticed wildpjah's ghost (amateur DsSh)
  1931 | D:3      | Killed wildpjah's ghost
  1932 | D:3      | Reached skill level 5 in Armour
  1932 | D:3      | Reached skill level 5 in Dodging
  1932 | D:3      | Reached XP level 6. HP: 53/53 MP: 8/8
  2193 | D:3      | Found a shadowy altar of Dithmenos.
  2265 | D:3      | Found a stormy altar of Qazlal.
  2669 | D:4      | Found Giudohek's Assorted Antiques.
  2676 | D:4      | Bought a fuming green potion for 28 gold pieces
  2676 | D:4      | Bought a scroll labelled EXAMAU CEVEEL for 32 gold pieces
  2676 | D:4      | Bought a scroll labelled TIOSUS ESIS for 32 gold pieces
  2793 | D:4      | Reached XP level 7. HP: 34/59 MP: 10/10
  2966 | D:4      | Found a staircase to the Ecumenical Temple.
  3116 | D:4      | Found Unank's Tiny Tomes.
  3138 | D:4      | Found a hazy altar of Hepliaklqana.
  3413 | D:4      | Found a sparkling altar of Nemelex Xobeh.
  3482 | D:5      | Entered Level 5 of the Dungeon
  3482 | D:5      | Noticed Grinder
  3538 | D:4      | Bought a silver ring for 160 gold pieces
  3711 | D:5      | Killed Grinder
  3757 | D:5      | Noticed Duvessa
  3774 | D:5      | Killed Duvessa
  3901 | D:5      | Noticed Dowan
  3906 | D:5      | Killed Dowan
  3907 | D:5      | Reached XP level 8. HP: 67/67 MP: 12/12
  4340 | D:5      | Noticed Sigmund
  4359 | D:5      | Killed Sigmund
  4723 | D:5      | Found a glowing golden altar of the Shining One.
  5250 | D:6      | Found an ornate altar of the Wu Jian Council.
  5256 | D:6      | Reached XP level 9. HP: 73/73 MP: 14/14
  5275 | D:6      | Slain by a wight

Illustrated notes

Levels and vault maps discovered:
D:1:      ncdulo_smallfort, layout_loops_ring, minmay_tromino_mix6
D:2:      layout_rooms, hellmonk_ecumenical_altar_slurped_away
D:3:      layout_basic, grunt_qazlal_clouds, mainiacjoe_overflow_alcove_2,
          ebering_ghost_gozag, minmay_snake_closets, uniq_robin
D:4:      layout_basic, nicolae_hepliaklqana_monster_ancestors,
          general_overflow_altar, minmay_temple_entry_butterflies, serial_shops,
          shop, abandoned_shop, minmay_crystal_water,
          nicolae_shop_i_like_small_books_too
D:5:      layout_cave_pods, nicolae_tso_swordbearing_angel, uniq_grinder,
          uniq_duvessa, uniq_sigmund
D:6:      layout_rooms, mainiacjoe_overflow_small_starburst

Skill      XL: |  1  2  3  4  5  6  7  8  9 |
---------------+----------------------------+-----
Invocations    | 1 2 3 4 |  4.4
Short Blades   | 1 2 3 4 |  4.0
Long Blades    | 1 2 3 4 |  4.0
Maces & Flails | 1 2 3 4 |  4.0
Polearms       | 1 2 3 4 |  4.0
Staves         | 1 2 3 4 |  4.0
Ranged Weapons | 1 2 3 4 |  4.0
Throwing       | 1 2 3 4 |  4.0
Stealth        | 1 2 3 4 |  4.0
Shields        | 1 2 3 4 |  4.0
Unarmed Combat | 1 2 3 4 |  4.0
Spellcasting   | 1 2 3 4 |  4.0
Evocations     | 1 2 3 4 |  4.0
Shapeshifting  | 1 2 3 |  3.6
Conjurations   | 1 2 3 |  3.3
Hexes          | 1 2 3 |  3.3
Summonings     | 1 2 3 |  3.3
Necromancy     | 1 2 3 |  3.3
Translocations | 1 2 3 |  3.3
Transmutations | 1 2 3 |  3.3
Fire Magic     | 1 2 3 |  3.3
Ice Magic      | 1 2 3 |  3.3
Air Magic      | 1 2 3 |  3.3
Earth Magic    | 1 2 3 |  3.3
Poison Magic   | 1 2 3 |  3.3
Armour         | 5 6 |  6.1
Dodging        | 5 6 |  6.1
Fighting       | 7 |  7.7
Axes           | 7 |  7.7

Action                     |  1- 3 |  4- 6 |  7- 9 || total
---------------------------+-------+-------+-------++-------
  Melee: Hand axe          |   107 |   148 |   181 ||   436
         Bite              |    14 |    12 |    22 ||    48
         Punch             |     3 |     3 |     7 ||    13
 Invoke: Berserk           |     2 |     3 |     6 ||    11
         Trog's Hand       |     1 |     1 |     3 ||     5
    Use: Scroll            |       |       |    21 ||    21
         Potion            |       |       |     1 ||     1
   Stab: Sleeping          |     3 |       |       ||     3
 Armour: Animal skin       |    34 |       |       ||    34
         Chain mail        |    18 |   101 |   144 ||   263
  Dodge: Dodged            |    52 |    63 |    75 ||   190
   Form: Beast             |     1 |       |       ||     1

Table legend: (Time is in decaauts)
 A = Elapsed time spent in this place.
 B = Non-inter-level travel time spent in this place.
 C = Inter-level travel time spent in this place.
 D = Time resting spent in this place.
 E = Time spent auto-exploring this place.
 F = Levels seen in this place.
 G = Mean time per level.
                   A        B        C        D        E       F      G
               +--------+--------+--------+--------+--------+-----+--------+
         Total |   5358 |   5087 |    271 |    729 |   3497 |   6 |  893.0 |
       Dungeon |   5358 |   5087 |    271 |    729 |   3497 |   6 |  893.0 |
               +--------+--------+--------+--------+--------+-----+--------+

Top non-repeatable levels by time:
     D:3: 1318 daAuts
     D:5: 1159 daAuts
     D:4: 1123 daAuts
     D:1: 973 daAuts
     D:6: 393 daAuts
     D:2: 390 daAuts
